 Dungeon Crawl Stone Soup version 0.13-a0-2210-g26cee09 (webtiles) character file.

382157 JacquesDerrida the Crack Shot (level 23, -6/176 HPs)
             Began as a Centaur Hunter on July 2, 2013.
             Was the Champion of Okawaru.
             Mangled by a stone giant (29 damage)
             ... while paralysed by a sphinx
             ... on Level 2 of the Vaults on July 3, 2013.
             The game lasted 07:57:32 (75733 turns).

JacquesDerrida the Crack Shot (Centaur Hunter)     Turns: 75733, Time: 07:57:32

HP  -6/176       AC 28     Str 16      XL: 23   Next: 31%
MP  34/42        EV  1     Int 29      God: Okawaru [******]
Gold 553         SH  0     Dex 14      Spells: 11 memorised,  6 levels left

Res.Fire  : + . .   See Invis. : +   v - +7 elf longbow (velocity)
Res.Cold  : . . .   Warding    : .   P - +1 ring mail of Vonufroa {+Inv rF+ Dam+4}
Life Prot.: . . .   Conserve   : +   (no shield)
Res.Poison: .       Res.Corr.  : +   n - +1 helmet {SInv}
Res.Elec. : .       Clarity    : .   X - +2 cloak {rCorr, Cons}
Sust.Abil.: . .     Spirit.Shd : .   b - +2 pair of elf bracers {archer}
Res.Mut.  : .       Stasis     : .   y - +2 centaur barding {Stlth+}
Res.Rott. : .       Flight     : +   L - amulet of the gourmand
Gourmand  : +                        Y - ring of Suicidal Tendencies {+Inv Dex-1 In H - ring "Udeirodo" {Wiz Dex+2 Int+3}

@: paralysed, brilliant, flying (expiring), studying Fighting, tornado, very
quick, very resistant to hostile enchantments, very unstealthy
A: hooves 3, deformed body, herbivore 1, speed 2, fast metabolism 1, magic
resistance 1, tough skin 3, Str +1
a: Heroism, Finesse, Renounce Religion, Evoke Invisibility
}: 1/15 runes: serpentine


You were on level 2 of the Vaults.
You worshipped Okawaru.
Okawaru was exalted by your worship.
You were very full.

You visited 6 branches of the dungeon, and saw 49 of its levels.
You visited the Abyss 2 times.
You visited 1 bazaar.
You also visited: Labyrinth and Ice Cave.

You collected 5627 gold pieces.
You spent 5094 gold pieces at shops.

Inventory:

Hand weapons
 a - a +0,+1 demon blade of draining
 v - a +7,+7 elven longbow of velocity (weapon)
Missiles
 c - 282 arrows
 r - 55 arrows of frost
 I - 31 poisoned arrows
 N - 38 arrows of flame (quivered)
 V - 24 arrows of dispersal
Armour
 b - a +2 pair of elven bracers of archery (worn)
 n - a +1 helmet of see invisible (worn)
 s - a +2 helmet of intelligence
 y - a +2 centaur barding of stealth (worn)
 P - the +1 ring mail of Vonufroa (worn) {+Inv rF+ Dam+4}
   (You found it on level 1 of the Snake Pit)

   It affects your damage-dealing abilities (+4).
   It protects you from fire.
   It lets you turn invisible.
 X - a +2 cloak of preservation (worn)
Magical devices
 d - a wand of fire (7)
 J - a wand of disintegration (8)
 Q - a wand of teleportation (4)
 T - a wand of heal wounds (5)
 W - a wand of draining (6)
Comestibles
 f - 5 bread rations
 i - 2 meat rations
 u - 2 chunks of centaur flesh
Scrolls
 g - 4 scrolls of identify
 j - a scroll of recharging
 k - 7 scrolls of remove curse
 o - a scroll of fear
 z - 2 scrolls of fog
 B - 2 scrolls of magic mapping
Jewellery
 h - an uncursed ring of poison resistance
 t - an uncursed amulet of clarity
 E - an uncursed amulet of stasis
 H - the ring "Udeirodo" (left hand) {Wiz Dex+2 Int+3}
   (You found it on level 7 of the Lair of Beasts)

   [ring of wizardry]

   It affects your intelligence (+3).
   It affects your dexterity (+2).
 L - an amulet of the gourmand (around neck)
 U - the amulet "Boib Too" {rMut -Tele Dam+4 SInv Stlth+}
   (You found it on level 3 of the Elven Halls)

   [amulet of resist mutation]

   It affects your damage-dealing abilities (+4).
   It enhances your eyesight.
   It prevents most forms of teleportation.
   It makes you much more stealthy.
 Y - the ring of Suicidal Tendencies (right hand) {+Inv Dex-1 Int+4}
   (You found it on level 3 of the Elven Halls)

   [ring of invisibility]

   It affects your intelligence (+4).
   It affects your dexterity (-1).
Potions
 e - 4 potions of restore abilities
 l - 6 potions of curing
 m - 3 potions of agility
 p - 2 potions of speed
 q - a potion of resistance
 A - a potion of might
 D - a potion of invisibility
 M - a potion of brilliance
 S - a potion of heal wounds
Books
 K - a manual of Fighting
Rods
 C - a +4 lightning rod (12/12)
   (You found it in a labyrinth)


   Skills:
 - Level 8.0 Fighting
   Level 2.6 Axes
 - Level 25.0 Bows
 - Level 13.8 Armour
 - Level 1.3 Dodging
 - Level 0.5 Stealth
 + Level 17.9 Spellcasting
 - Level 5.1 Hexes
 - Level 10.3 Charms
 + Level 17.5 Air Magic


You had 6 spell levels left.
You knew the following spells:

 Your Spells              Type           Power        Failure   Level  Hunger
a - Corona                Hex            ######.      1%          1    None
b - Flight                Chrm/Air       #######...   1%          3    None
c - Silence               Hex/Air        #######...   1%          5    None
d - Deflect Missiles      Chrm/Air       #######...   1%          6    ##.....
e - Airstrike             Air            #######...   0%          4    None
f - Swiftness             Chrm/Air       #######...   0%          2    None
g - Mephitic Cloud        Conj/Pois/Air  ######..     1%          3    None
h - Haste                 Chrm           #######.     1%          6    ##.....
i - Tornado               Air            #######...   17%         9    #######
j - Mass Confusion        Hex            ######....   4%          6    ##.....
k - Invisibility          Hex            ######..     4%          6    ##.....


Dungeon Overview and Level Annotations

Branches:
Dungeon (27/27)            Temple (0/1) D:5             Orc (4/4) D:10
    Elf (3/3) Orc:4          Lair (8/8) D:8          Shoals (0/5) Lair:4
  Snake (5/5) Lair:5        Slime (0/6) Lair:8       Vaults (2/5) D:18
    Zot (0/5) D:27
  Crypt: Vaults:2-3  Forest: Vaults:2-3

Altars:
Cheibriados
Elyvilon
Kikubaaqudgha
Makhleb
Nemelex Xobeh
Okawaru
Sif Muna
Trog
Vehumet
Xom
Yredelemnul
Zin
Beogh
Jiyva

Shops:
D:9: / D:14: ! D:15: [} D:20: ? D:27: ( Orc:4: **+**%+ Snake:1: = Snake:2: !

Portals:
Hell: D:21 D:22 D:23 D:24 D:25 D:26 D:27
Abyss: D:23 D:25
Pandemonium: D:22 D:24
Trove: D:23 (give +5,+6 demon blade)

Annotations
D:15 Kirke
Elf:2 Infinite bazaar


Innate Abilities, Weirdness & Mutations

You have hooves in place of feet.
Armour fits poorly on your strangely shaped body.
You digest meat inefficiently.
You cover ground very quickly.
You have a fast metabolism.
You have extremely tough skin (AC +3).
You are resistant to hostile enchantments.
Your muscles are strong (Str +1).


Message History

* * * LOW HITPOINT WARNING * * *
The orc warrior hits you from afar with an orcish trident!
* * * LOW HITPOINT WARNING * * *
You kill the orc knight!
Okawaru accepts your kill.
You kill the orc warrior!
Okawaru accepts your kill.
You kill the spiny worm!
Okawaru accepts your kill.
You destroy the deep troll skeleton!
Okawaru accepts your kill.
You kill the wolf spider!
Okawaru accepts your kill.
You kill the white ugly thing!
Okawaru accepts your kill. The sphinx hits you but does no damage.
The boulder beetle bites you.
* * * LOW HITPOINT WARNING * * *
The stone giant hits you!
You die...

#....[...# #####'####
##....# ##).##..
#..####. ###### #.)##
##
#.§§§§###########..## #
#§§§§B#C§§§§..# ##..##
#§§§§§@§o§§§..# ##..##
#§§§§§#H§§§§.(### ##..#
#.§§§§#§§§§.(.(.## ##..
#.§§§§#Z§§§...#..## ##)
#######§§§....##..####)
###########..##))
##....# ###'## .....


You could see a sphinx, a stone giant, a boulder beetle, an orc knight and an
iron troll skeleton.

Vanquished Creatures
  Saint Roka (D:20)
  Boris (thrice) (D:21 D:23 D:25)
  Norris (D:17)
  Margery (D:20)
  Mennas (D:25)
  A profane servitor (D:23)
  Xtahua (D:20)
  Frederick (D:25)
  A bone dragon (D:18)
  2 liches
  2 shadow dragons (D:27)
  4 deep elf blademasters (Elf:3)
  A storm dragon (D:24)
  3 tengu reavers
  A sphinx (D:27)
  Frances (D:25)
  Donald (Lab)
  2 frost giants
  Wiglaf (D:25)
  2 pearl dragon zombies (D:23)
  An orc warlord (D:26)
  A draconian shifter (D:27)
  The ghost of Liquorice the Severer, a powerful DjBe of Trog (Snake:3)
  A stone giant (shapeshifter) (D:25)
  2 grey draconians (D:27)
  19 stone giants
  8 fire giants
  3 green draconians (D:27)
  A draconian caller (D:27)
  A spectral elf (Elf:3)
  Jorgrun (D:20)
  5 deep elf annihilators (Elf:3)
  16 greater nagas (Snake:5)
  An emperor scorpion (D:15)
  A mottled draconian (D:27)
  A black draconian (D:27)
  2 yellow draconians (D:27)
  A red draconian (D:27)
  Azrael (Vaults:1)
  3 deep elf death magi (Elf:3)
  2 deep elf master archers (Elf:3)
  5 ettins
  5 dragons
  21 yaktaur captains
  9 salamanders (Snake:5)
  A minotaur (Lab)
  5 deep elf sorcerers
  4 great orbs of eyes
  A storm dragon skeleton (D:22)
  Harold (Orc:2)
  Josephine (D:16)
  2 ravenous feature mimics
  3 ice dragons
  8 deep elf demonologists
  A deep dwarf death knight (D:23)
  A deep troll shaman (D:27)
  15 hydras
  10 ogre magi
  5 death yaks (Lair:8)
  4 deep troll earth magi
  18 anacondas
  6 deep elf high priests (Elf:3)
  2 frost giant zombies
  4 stone giant zombies
  2 thrashing horrors (Abyss:2)
  11 deep trolls
  A shadow dragon skeleton (D:23)
  6 stone giant skeletons
  20 centaur warriors
  4 orc high priests
  4 very ugly things
  3 catoblepae
  A fire giant skeleton (D:22)
  3 frost giant skeletons (D:24)
  4 apis skeletons (D:23)
  A storm dragon simulacrum (D:22)
  5 iron trolls
  25 deep elf knights
  10 unseen horrors
  3 hell knights (D:20)
  14 naga warriors
  Erolcha (Orc:2)
  3 phoenix simulacra (D:23)
  An ice devil (IceCv)
  2 flayed ghosts
  A faun (shapeshifter) (D:21)
  2 large abominations
  2 ironbrand convokers
  An ice statue (Elf:2)
  16 hill giants
  The ghost of psychoDad the Skirmisher, an experienced HEWz of Ashenzari (D:8)
  19 orc knights
  A necromancer (D:20)
  2 hydra zombies
  A lindwurm (D:15)
  A statue (Elf:2)
  5 giant amoebae
  2 red wasps (D:22)
  8 wolf spiders
  7 orc sorcerers
  5 griffons
  10 guardian serpents
  16 cyclopes
  5 phantasmal warriors
  2 stone giant simulacra
  An ice dragon zombie (Vaults:1)
  A hydra skeleton (D:11)
  Maurice (Orc:2)
  A griffon zombie (D:15)
  An ettin zombie (D:22)
  32 black mambas
  6 spiny worms
  A trapdoor spider zombie (D:13)
  A dragon zombie (D:16)
  3 vault sentinels
  A fire crab (D:22)
  A spiny worm zombie (D:17)
  16 elephants
  A spiny frog (shapeshifter) (D:21)
  12 spiny frogs
  2 orange demons (Elf:3)
  4 feature mimics
  An ice dragon skeleton (D:18)
  A griffon skeleton (D:16)
  3 vapours (Elf:2)
  2 hill giant zombies
  14 naga magi
  An item mimic (Lair:7)
  37 yaktaurs
  34 slime creatures
  2 ettin skeletons
  Psyche (Orc:3)
  A mermaid (Lair:4)
  9 trolls
  4 hill giant skeletons
  7 komodo dragons
  3 blue devils
  A spriggan (shapeshifter) (D:17)
  2 wandering mushrooms (D:8)
  A mermaid (shapeshifter) (D:23)
  101 ugly things
  3 fire vortices (Elf:2)
  2 polar bears (D:15)
  12 blink frogs
  A deep troll zombie (D:22)
  2 ravens (shapeshifter)
  A harpy simulacrum (D:15)
  A giant leech (shapeshifter) (D:25)
  20 two-headed ogres
  A giant firefly (shapeshifter) (Vaults:2)
  2 jumping spiders (shapeshifter)
  6 basilisks
  A deep troll skeleton (Vaults:2)
  A tarantella (shapeshifter) (Elf:1)
  A basilisk (shapeshifter) (D:20)
  3 water elementals (Elf:2)
  3 wyverns
  2 chaos spawn (Elf:1)
  4 wraiths
  A ynoxinul (Orc:4)
  2 shadows
  18 deep elf conjurers
  A spiny worm simulacrum (D:16)
  4 hogs (D:16)
  A wyvern (shapeshifter) (D:23)
  9 fire elementals
  A hungry ghost (D:17)
  5 air elementals
  3 wolves (Lair:1)
  2 trapdoor spiders
  8 hippogriffs
  A fire crab zombie (D:16)
  3 soldier ants
  3 clay golems (Elf:2)
  2 manticores (shapeshifter)
  A fire drake (D:27)
  2 neqoxecs (Orc:2)
  A komodo dragon zombie (D:15)
  15 vampire mosquitoes
  71 yaks
  20 deep elf fighters
  5 redbacks (D:23)
  4 manticores
  9 deep elf summoners
  A boulder beetle (shapeshifter) (Elf:2)
  3 molten gargoyles (Elf:2)
  A redback (shapeshifter) (D:23)
  A hell hound (Vaults:1)
  6 rock worms
  9 boulder beetles
  A merfolk (shapeshifter) (Vaults:1)
  2 necrophages
  A giant slug zombie (D:20)
  4 yaktaur skeletons
  3 mottled dragons
  11 porcupines
  8 deep elf priests
  2 wyvern skeletons
  A yak zombie (D:13)
  A hippogriff zombie (D:13)
  59 orc warriors
  3 phantoms
  4 sky beasts
  5 freezing wraiths
  A black bear (D:12)
  2 cyclops skeletons
  A manticore skeleton (D:11)
  A lost soul (Elf:3)
  2 boring beetles (D:22)
  A hippogriff skeleton (D:11)
  A yellow wasp (D:12)
  11 ice beasts
  A troll skeleton (D:13)
  41 ogres
  A yak skeleton (D:11)
  7 crocodiles
  A centaur (shapeshifter) (D:17)
  26 centaurs
  A boring beetle (shapeshifter) (D:16)
  Duvessa (D:4)
  49 nagas
  7 wargs
  8 giant slugs
  A boring beetle zombie (D:19)
  A yaktaur simulacrum (D:15)
  5 big kobolds
  18 giant frogs
  32 water moccasins
  9 deep elf magi
  A two-headed ogre zombie (D:11)
  9 earth elementals (Elf:2)
  A giant frog skeleton (D:5)
  5 agate snails
  A centaur skeleton (D:4)
  A two-headed ogre skeleton (D:14)
  An insubstantial wisp (D:15)
  A basilisk skeleton (D:12)
  A boulder beetle simulacrum (D:16)
  15 killer bees
  2 eyes of draining
  A goliath beetle (D:10)
  3 lava snakes (Snake:5)
  Dowan (D:4)
  15 hounds
  A quasit (D:11)
  A gnoll shaman (D:4)
  9 crimson imps
  2 starcursed masses (Elf:3)
  An ogre skeleton (D:7)
  8 spiders (Snake:5)
  Crazy Yiuf (D:4)
  41 orc priests
  7 iguanas
  An iron imp (Abyss:2)
  3 scorpions
  56 orc wizards
  26 deep elf soldiers
  15 worker ants
  14 sheep
  A worm zombie (D:5)
  6 boggarts
  4 jellies
  Terence (D:2)
  A mummy (D:11)
  10 gnolls
  25 green rats
  A lemure (Abyss:2)
  An orc zombie (D:26)
  44 adders
  4 giant centipedes
  A giant centipede zombie (D:11)
  7 worms
  A giant mite (Lair:1)
  6 ufetubi
  4 giant eyeballs
  A bat skeleton (D:5)
  2 bat zombies (D:5)
  5 giant geckos
  A gnoll skeleton (D:4)
  194 orcs
  23 bats
  2 giant cockroaches (D:3)
  20 hobgoblins
  19 jackals
  28 kobolds
  2 oozes
  6 quokkas
  6 ball pythons
  A giant gecko zombie (D:5)
  6 giant newts
  4 giant spores
  22 goblins
  2 kobold skeletons
  A kobold zombie (D:8)
  An orc skeleton (D:10)
  2 quokka skeletons
  22 rats
  A rat zombie (D:6)
  6 ballistomycetes
2127 creatures vanquished.

Vanquished Creatures (collateral kills)
  A hobgoblin (D:11)
1 creature vanquished.

Vanquished Creatures (others)
  A deep troll shaman (D:25)
  An unseen horror (D:18)
  An ugly thing (D:16)
  A jumping spider (D:23)
  An orc warrior (D:18)
  An ogre (D:15)
  A starcursed mass (Elf:3)
  An iguana (D:11)
  A sheep (D:20)
  A boggart (D:16)
  2 adders (Snake:3)
  A green rat (Lair:1)
  A giant centipede (D:11)
  5 orcs
  A goblin (Orc:4)
  A giant spore (D:10)
  6 fungi
27 creatures vanquished.

Grand Total: 2155 creatures vanquished

Notes
Turn   | Place    | Note
--------------------------------------------------------------
     0 | D:1      | JacquesDerrida, the Centaur Hunter, began the quest for the Orb.
     0 | D:1      | Reached XP level 1. HP: 17/17 MP: 0/0
   198 | D:1      | Reached skill level 6 in Bows
   198 | D:1      | Reached XP level 2. HP: 19/24 MP: 1/1
   573 | D:1      | Reached XP level 3. HP: 10/29 MP: 2/2
   953 | D:1      | Reached skill level 7 in Bows
   982 | D:2      | Found a shimmering altar of Xom.
  1109 | D:2      | Reached XP level 4. HP: 31/36 MP: 2/2
  1188 | D:2      | Noticed Terence
  1204 | D:2      | Killed Terence
  1366 | D:2      | Reached skill level 8 in Bows
  2263 | D:3      | Reached XP level 5. HP: 41/41 MP: 3/3
  2535 | D:3      | Reached skill level 9 in Bows
  2984 | D:4      | Reached XP level 6. HP: 45/48 MP: 4/4
  3020 | D:4      | Reached skill level 10 in Bows
  3034 | D:4      | Noticed a phantom
  3046 | D:4      | Killed a phantom
  3128 | D:4      | Noticed an ogre
  3159 | D:4      | Killed an ogre
  3159 | D:4      | Reached skill level 11 in Bows
  3159 | D:4      | Reached XP level 7. HP: 47/53 MP: 4/4
  3199 | D:4      | Found an iron altar of Okawaru.
  3293 | D:4      | Noticed Dowan
  3294 | D:4      | Noticed Duvessa
  3328 | D:4      | Killed Duvessa
  3332 | D:4      | Killed Dowan
  3767 | D:4      | Noticed Crazy Yiuf
  3773 | D:4      | Killed Crazy Yiuf
  3773 | D:4      | Reached skill level 12 in Bows
  3881 | D:4      | Became a worshipper of Warmaster Okawaru
  4084 | D:5      | Entered Level 5 of the Dungeon
  4222 | D:5      | Found a staircase to the Ecumenical Temple.
  4292 | D:5      | Reached XP level 8. HP: 52/61 MP: 5/5
  4419 | D:5      | Reached skill level 13 in Bows
  4448 | D:5      | Acquired Okawaru's first power
  4494 | D:5      | Learned a level 1 spell: Corona
  4813 | D:6      | Found a white marble altar of Elyvilon.
  4908 | D:6      | Reached skill level 14 in Bows
  5129 | D:6      | Reached XP level 9. HP: 62/67 MP: 6/6
  5559 | D:7      | Found a sparkling altar of Nemelex Xobeh.
  5581 | D:7      | Found a radiant altar of Vehumet.
  5617 | D:7      | Reached skill level 15 in Bows
  5861 | D:7      | Found a basalt altar of Yredelemnul.
  5867 | D:7      | Found a deep blue altar of Sif Muna.
  5871 | D:7      | Found a white marble altar of Elyvilon.
  5921 | D:7      | Got a thick robe
  5933 | D:7      | Identified the cursed +1 robe of the Dragon {Dex-1 Int-1} (You found it on level 7 of the Dungeon)
  6279 | D:8      | Paralysed by a giant eyeball for 3 turns
  6287 | D:8      | Paralysed by a giant eyeball for 3 turns
  6378 | D:8      | Reached skill level 16 in Bows
  6484 | D:8      | Found a staircase to the Lair.
  6544 | D:8      | Noticed psychoDad's ghost (experienced HEWz)
  6545 | Lair:1   | Entered Level 1 of the Lair of Beasts
  6963 | Lair:1   | Reached skill level 17 in Bows
  6963 | Lair:1   | Reached XP level 10. HP: 62/73 MP: 6/6
  7236 | Lair:1   | Found a frozen archway.
  7288 | Lair:1   | Reached skill level 18 in Bows
  7347 | Lair:1   | Got a warped ring mail
  7348 | Lair:1   | Identified the cursed +0 ring mail "Staudghirph" {+Inv Str+2} (You found it on level 1 of the Lair of Beasts)
  7351 | Lair:1   | Noticed a spiny frog
  7359 | Lair:1   | Killed a spiny frog
  7395 | IceCv    | Entered an ice cave
  7402 | IceCv    | Noticed an ice devil
  7420 | IceCv    | Killed an ice devil
  7456 | IceCv    | Noticed an ice statue
  7456 | IceCv    | Noticed an ice statue
  7773 | Lair:1   | Reached skill level 19 in Bows
  8138 | Lair:1   | Received a gift from Okawaru
  8326 | Lair:1   | Paralysed by a potion of paralysis for 2 turns
  8425 | Lair:2   | Noticed an eight-headed hydra
  8447 | Lair:2   | Killed an eight-headed hydra
  8447 | Lair:2   | Reached skill level 20 in Bows
  8447 | Lair:2   | Reached XP level 11. HP: 77/79 MP: 7/7
  8785 | Lair:2   | Acquired Okawaru's second power
  8920 | Lair:2   | Reached skill level 21 in Bows
  8959 | Lair:2   | Received a gift from Okawaru
  9464 | Lair:3   | Reached skill level 1 in Armour
 10228 | Lair:4   | Noticed a five-headed hydra
 10283 | Lair:4   | Received a gift from Okawaru
 10417 | Lair:4   | Killed a five-headed hydra
 10497 | Lair:4   | Reached skill level 5 in Armour
 10501 | Lair:4   | Received a gift from Okawaru
 10502 | Lair:4   | Got a warped crossbow {god gift}
 10504 | Lair:4   | Identified the crossbow of the Thirteen Cities {god gift, venom, rPois Str+2 Dex+1} (Okawaru gifted it to you on level 4 of the Lair of Beasts)
 10704 | Lair:4   | Waterpls: добрый вечер
 10887 | Lair:4   | JacquesDerrida: NO SPEAKY RUSEAN
 10891 | Lair:4   | Waterpls: oh really
 10891 | Lair:4   | JacquesDerrida: То есть добрый. Хе-хе
 11069 | Lair:4   | Received a gift from Okawaru
 11075 | Lair:4   | JacquesDerrida: найс!
 11406 | Lair:4   | Found a staircase to the Shoals.
 11526 | Lair:5   | Reached XP level 12. HP: 71/85 MP: 8/8
 11580 | Lair:5   | Noticed a five-headed hydra
 11588 | Lair:5   | Killed a five-headed hydra
 11662 | Lair:5   | Waterpls: если стрелять с огненного лука огненными стрелами то урон больше?
 11663 | Lair:5   | JacquesDerrida: Не-а
 11663 | Lair:5   | JacquesDerrida: Но применения огненным стрелам почти нет
 11663 | Lair:5   | JacquesDerrida: Нейтральные важнее
 11672 | Lair:5   | JacquesDerrida: Вай
 11792 | Lair:5   | Found a staircase to the Snake Pit.
 11967 | Lair:5   | Received a gift from Okawaru
 11970 | Lair:5   | Got a crystal bow {god gift}
 11972 | Lair:5   | Identified the bow "Psoel" {god gift, velocity, rF+} (Okawaru gifted it to you on level 5 of the Lair of Beasts)
 11973 | Lair:5   | JacquesDerrida: Намудрили разработчики
 11973 | Lair:5   | Waterpls: с чем?
 11973 | Lair:5   | JacquesDerrida: Снизили таймаут не только у стрел, но и у экипировки
 11973 | Lair:5   | JacquesDerrida: Теперь можно 5 пачек стрел за кучку дес яков получить
 11990 | Lair:5   | JacquesDerrida: За 2 этажа три подарка
 11990 | Lair:5   | JacquesDerrida: Оружейных
 12355 | Lair:5   | JacquesDerrida: Еще элементальные стрелы чуть ли не каждый выстрел рассасываются
 12355 | Lair:5   | JacquesDerrida: Лучше бы у них огонек пропадал и они становились нейтральными
 12722 | Lair:6   | Waterpls: ТСО может холи врас на лук повесить?
 12724 | Lair:6   | JacquesDerrida: Конечно
 12724 | Lair:6   | JacquesDerrida: Без этого енд гейм не пройти, наверное
 12724 | Lair:6   | JacquesDerrida: По крайней мере без тысячи слеинг бонусов
 12749 | Lair:6   | JacquesDerrida: +9 лонгбоу все же не трипл сорд
 13008 | Lair:6   | Waterpls: ну некоторые виды оружия вообще не для экстендеда
 13008 | Lair:6   | Waterpls: те же пращи
 13059 | Lair:6   | Reached skill level 22 in Bows
 13144 | Lair:6   | JacquesDerrida: Пращи даже в данжоне как-то стыдно использовать
 13245 | Lair:6   | JacquesDerrida: Для всего этого демиурги кравеля дали нам торнадо
 13245 | Lair:6   | JacquesDerrida: Да святится имя его
 13434 | Lair:6   | Waterpls: говорят всякие HaHu и KoHu разрывают ерли гейм с пращами
 13455 | Lair:7   | JacquesDerrida: Не
 13455 | Lair:7   | JacquesDerrida: Камней не хватает
 13455 | Lair:7   | JacquesDerrida: Даже под окой
 13455 | Lair:7   | JacquesDerrida: Под этим не знаю, но все же не так сильно поправили частоту подарков
 13455 | Lair:7   | JacquesDerrida: Все равно мало камней будет
 13568 | Lair:7   | Waterpls: не знаю, сколько играл ЕЕ всегда камней завались
 13593 | Lair:7   | Waterpls: +пули еще
 13593 | Lair:7   | JacquesDerrida: Убить кого-то можно только пулями
 13593 | Lair:7   | Waterpls: и это без коковару/трога
 13593 | Lair:7   | JacquesDerrida: Камни даже по чеин мейлу урона почти не наносят
 13593 | Lair:7   | JacquesDerrida: Слона просто не получится убить
 13595 | Lair:7   | Got a faintly glowing brass ring
 13596 | Lair:7   | Identified the ring "Udeirodo" {Wiz Dex+2 Int+3} (You found it on level 7 of the Lair of Beasts)
 13598 | Lair:7   | JacquesDerrida: Найс
 13630 | Lair:7   | Waterpls: жесть 22 скила в леире
 13631 | Lair:7   | Noticed a five-headed hydra
 13642 | Lair:7   | Killed a five-headed hydra
 13642 | Lair:7   | Reached skill level 1 in Spellcasting
 13689 | Lair:7   | Waterpls: у лонгбоу есть мин делей или до 27 надо качать?
 13691 | Lair:7   | JacquesDerrida: 0.7-0.8 выходит
 13691 | Lair:7   | JacquesDerrida: Должно быть всегда 0.7
 13691 | Lair:7   | JacquesDerrida: Значит еще немного надо прокачать
 13693 | Lair:7   | JacquesDerrida: Да и урон у лонгбоу +6
 13693 | Lair:7   | JacquesDerrida: Значит даже 27 навыка лишним не будет
 13744 | Lair:7   | Received a gift from Okawaru
 13748 | Lair:7   | JacquesDerrida: Вау
 13748 | Lair:7   | JacquesDerrida: Мне бы стрел
 13748 | Lair:7   | JacquesDerrida: А не топоров
 13960 | Lair:7   | JacquesDerrida: Придется за трайдентом бежать(((
 13971 | Lair:7   | Waterpls: это транк?
 13971 | Lair:7   | JacquesDerrida: Конечно
 14149 | D:8      | Killed psychoDad's ghost
 14301 | D:4      | Waterpls: у меня от Фореста припекло
 14301 | D:4      | JacquesDerrida: Да, намудрили
 14301 | D:4      | Waterpls: а новый тенгу-уник вообще меня убил
 14301 | D:4      | JacquesDerrida: Простые тенгу тоже ниче так
 14301 | D:4      | JacquesDerrida: риверы и конжуреры
 14305 | D:4      | Waterpls: этакий никола с бОльшим ХП и свитой
 14305 | D:4      | JacquesDerrida: Придется данжон проходить ради стрел(((
 14305 | D:4      | JacquesDerrida: А я не видел
 14305 | D:4      | JacquesDerrida: Обычные птицы и то какие
 14444 | Lair:1   | Learned a level 3 spell: Flight
 14534 | D:8      | Found an ancient bone altar of Kikubaaqudgha.
 14612 | D:8      | Waterpls: да они тоже больно толстые для тенгу
 14637 | D:8      | Waterpls: а вот новые жители крипта не очень страшные
 14637 | D:8      | JacquesDerrida: И со сферками
 14645 | D:8      | Waterpls: разве что ревенанты
 14645 | D:8      | JacquesDerrida: А что с ними стало
 14729 | D:8      | Reached skill level 1 in Axes
 14774 | D:8      | Waterpls: добавили скелетов-колдунов, дущи возрождалки, каких-то призраков слабых
 14775 | D:8      | Found a snail-covered altar of Cheibriados.
 14781 | D:8      | Waterpls: флаед гост теперь очень жесткий
 14781 | D:8      | JacquesDerrida: Зато что с флейд гостами сделали!
 14781 | D:8      | JacquesDerrida: Da
 14937 | D:9      | Received a gift from Okawaru
 14987 | D:9      | Waterpls: http://crawl.develz.org/info/index.php?q=revenant
 15008 | D:9      | Waterpls: вот эти вообще пушка
 15017 | D:9      | JacquesDerrida: гостли флеймз
 15017 | D:9      | JacquesDerrida: Еще один бонус мумии!
 15039 | D:9      | Found Ydepleha's Magical Wand Boutique.
 15264 | D:9      | Reached XP level 13. HP: 91/91 MP: 21/21
 15376 | D:9      | JacquesDerrida: Бросили бы уже мне пачку кентавров
 15376 | D:9      | JacquesDerrida: Чего мелочатся!
 15590 | D:10     | Entered Level 10 of the Dungeon
 15655 | D:10     | Found a staircase to the Orcish Mines.
 15702 | D:10     | Reached skill level 10 in Armour
 15702 | D:10     | Reached skill level 5 in Spellcasting
 16388 | D:10     | JacquesDerrida: Ну кто же такие уровни делает
 16398 | D:10     | Received a gift from Okawaru
 16567 | D:11     | JacquesDerrida: Надеюсь, без стоун джаентов обойдется!
 16682 | D:11     | Found a labyrinth entrance.
 16694 | Lab      | Entered a labyrinth
 16861 | Lab      | Waterpls: не нравится мне текущий вариант алгоритма генерации лабиринта
 16870 | Lab      | JacquesDerrida: А что с ним
 16870 | Lab      | JacquesDerrida: Вообще дурацкий уровень
 16870 | Lab      | JacquesDerrida: Должны давать временны лайтнинг фаст метаболизм
 16870 | Lab      | JacquesDerrida: А то предупреждение о голоде -- это всего лишь байка
 17050 | Lab      | Waterpls: обычно выход в углу и пройти к нему можно только с одной стороны, с другой же как ни бейся не пройдешь
 17427 | Lab      | Waterpls: а на счет метаболизма
 17475 | Lab      | Waterpls: лабиринт же не для того чтобы убивать
 17476 | Lab      | Noticed Donald
 17478 | Lab      | JacquesDerrida: Опа!
 17478 | Lab      | JacquesDerrida: Утка!
 17479 | Lab      | JacquesDerrida: Ibbbn
 17479 | Lab      | Waterpls: кря-кря
 17479 | Lab      | JacquesDerrida: шииииет
 17484 | Lab      | JacquesDerrida: Дисперсал нельзя рефлектить, надеюсь
 17484 | Lab      | JacquesDerrida: Она же рассасывается
 17491 | Lab      | Reached XP level 12. HP: 68/85 MP: 21/21
 17496 | Lab      | Killed Donald
 17496 | Lab      | Waterpls: тратить дефицитный дисперсал
 17496 | Lab      | Received a gift from Okawaru
 17496 | Lab      | Reached XP level 13. HP: 67/91 MP: 21/23
 17507 | Lab      | Waterpls: у тебя не снейк пит надеюсь?
 17508 | Lab      | JacquesDerrida: Снейк
 17508 | Lab      | JacquesDerrida: А что такого
 17508 | Lab      | JacquesDerrida: Я не люблю дисперсал
 17508 | Lab      | Waterpls: констрикт придется чем-то разрывать
 17508 | Lab      | JacquesDerrida: Дурацкие стрелы
 17508 | Lab      | JacquesDerrida: У меня скорость 0.7, хе-хе
 17508 | Lab      | JacquesDerrida: Найду свифтнесс, будет 0.6
 17560 | Lab      | Noticed a minotaur
 17583 | Lab      | Killed a minotaur
 17608 | Lab      | JacquesDerrida: Вай
 17608 | Lab      | JacquesDerrida: И лампа, и камешек
 17608 | Lab      | JacquesDerrida: Удачно
 17608 | Lab      | Got a smoking ring mail
 17626 | Lab      | Identified the cursed -1 ring mail of Fopry {Int+2 Acc-4} (You found it in a labyrinth)
 17648 | Lab      | JacquesDerrida: Вот это офигенно
 17650 | Lab      | Got a faintly glowing sling
 17651 | Lab      | Identified the sling of Sudden Death {speed, Hunger Str+4 Int+3} (You found it in a labyrinth)
 17711 | D:11     | JacquesDerrida: Видел реворк вещей на V?
 17711 | D:11     | JacquesDerrida: Гляди!
 17718 | D:11     | JacquesDerrida: Да, без навыка чет не очень
 17718 | D:11     | Waterpls: что было в качестве приза?
 17718 | D:11     | JacquesDerrida: С 15-20 выпускает три струти пламени
 17718 | D:11     | JacquesDerrida: И они не исчезают
 17718 | D:11     | JacquesDerrida: Палка вукад му и род лайтнинга
 17718 | D:11     | JacquesDerrida: Остальное мусор
 17720 | D:11     | JacquesDerrida: Теперь показывается как будет выглядеть шторм
 17720 | D:11     | JacquesDerrida: Удобно
 17725 | D:11     | Waterpls: вукад му тоже не особо ценен для глупых пони
 17729 | D:11     | JacquesDerrida: Да
 17729 | D:11     | JacquesDerrida: Пойдет в музей поля чудес
 18034 | D:11     | JacquesDerrida: Не зря потратил пергамент
 18752 | D:12     | Got a crude mace
 18753 | D:12     | Identified the mace "Wetu" {crush, rF+} (You found it on level 12 of the Dungeon)
 18864 | D:12     | Waterpls: что за странные аннотации
 19586 | D:14     | Entered Level 14 of the Dungeon
 19655 | D:14     | Found Vyre's Distillery.
 19698 | D:14     | Bought a potion of resistance for 91 gold pieces
 19698 | D:14     | Bought a potion of magic for 91 gold pieces
 20071 | D:15     | Entered Level 15 of the Dungeon
 20205 | D:15     | Received a gift from Okawaru
 20261 | D:15     | Received a gift from Okawaru
 21673 | Lair:7   | Received a gift from Okawaru
 21731 | Lair:7   | Noticed a six-headed hydra
 21767 | Lair:7   | Killed a six-headed hydra
 21767 | Lair:7   | Reached XP level 14. HP: 97/97 MP: 28/28
 21890 | Lair:8   | Entered Level 8 of the Lair of Beasts
 21890 | Lair:8   | Found a viscous altar of Jiyva.
 21890 | Lair:8   | Found a staircase to the Slime Pits.
 21990 | Lair:8   | Received a gift from Okawaru
 21990 | Lair:8   | Reached skill level 1 in Charms
 22167 | Lair:8   | Received a gift from Okawaru
 22916 | Lair:8   | Received a gift from Okawaru
 23002 | Lair:8   | Reached skill level 5 in Charms
 23175 | Lair:8   | Received a gift from Okawaru
 23627 | Orc:1    | Entered Level 1 of the Orcish Mines
 24340 | Orc:2    | Noticed Harold
 24352 | Orc:2    | Gained mutation: You heal slowly. [a neqoxec]
 24385 | Orc:2    | Killed Harold
 24925 | Orc:2    | Noticed Maurice
 24931 | Orc:2    | Killed Maurice
 25549 | Orc:4    | Entered Level 4 of the Orcish Mines
 25549 | Orc:4    | Found Iphutwag's Food Emporium.
 25735 | Orc:4    | Found Threkese's General Store.
 25763 | Orc:4    | Found Melup's Book Boutique.
 25785 | Orc:4    | Found a burning altar of Makhleb.
 25978 | Orc:4    | Received a gift from Okawaru
 26207 | Orc:4    | Found a staircase to the Elven Halls.
 26303 | Orc:4    | Found Graz Waoca's General Store.
 26303 | Orc:4    | Found Mupp's General Store.
 26608 | Orc:4    | Found Keppuon's General Store.
 26618 | Orc:4    | Found Udghemp's Book Shop.
 26631 | Orc:4    | Bought a scroll of enchant weapon II for 55 gold pieces
 28540 | D:15     | Found Gephi's Gadget Boutique.
 28565 | D:15     | Received a gift from Okawaru
 28870 | D:15     | Reached XP level 15. HP: 62/103 MP: 29/29
 28882 | D:15     | Found Doteh's Armour Emporium.
 28886 | D:15     | Bought a +2 pair of elven bracers of archery for 307 gold pieces
 29548 | D:15     | Received a gift from Okawaru
 29731 | D:15     | Noticed a yaktaur captain
 29791 | D:15     | Killed a yaktaur captain
 29801 | D:15     | Noticed an emperor scorpion
 29854 | D:15     | Killed an emperor scorpion
 29854 | D:15     | Reached skill level 23 in Bows
 30623 | D:16     | Gained mutation: Your spells are a little harder to cast, but a little more powerful. [potion of beneficial mutation]
 30698 | D:16     | Noticed Kirke
 31626 | D:16     | Noticed Josephine
 31631 | D:16     | Killed Josephine
 31804 | D:16     | Reached skill level 24 in Bows
 32124 | D:17     | Received a gift from Okawaru
 33013 | D:17     | Noticed Norris
 33014 | D:17     | Reached skill level 25 in Bows
 33469 | Snake:1  | Entered Level 1 of the Snake Pit
 33541 | Snake:1  | Found Cougant's Jewellery Boutique.
 33956 | Snake:1  | Got a steaming ring mail
 33957 | Snake:1  | Identified the +1 ring mail of Vonufroa {+Inv rF+ Dam+4} (You found it on level 1 of the Snake Pit)
 34132 | Snake:2  | Found Ghameirch's Distillery.
 34147 | Snake:2  | Bought a potion of curing for 30 gold pieces
 34903 | D:17     | Killed Norris
 34903 | D:17     | Received a gift from Okawaru
 34903 | D:17     | Reached XP level 16. HP: 111/111 MP: 30/30
 36151 | D:18     | Reached skill level 10 in Spellcasting
 36563 | D:18     | Noticed a bone dragon
 36709 | D:18     | Killed a bone dragon
 36994 | D:18     | Received a gift from Okawaru
 37020 | D:18     | Found a staircase to the Vaults.
 37037 | Vaults:1 | Entered Level 1 of the Vaults
 37127 | Vaults:1 | Upgraded the game from 0.13-a0-2202-g857913d to 0.13-a0-2207-g455e83b
 37319 | Vaults:1 | Received a gift from Okawaru
 37594 | Vaults:1 | Reached XP level 17. HP: 80/116 MP: 32/32
 37680 | Vaults:1 | Received a gift from Okawaru
 37806 | Vaults:1 | Reached skill level 10 in Charms
 38070 | Vaults:1 | Noticed a frost giant
 38098 | Vaults:1 | Killed a frost giant
 38750 | Vaults:1 | Noticed Azrael
 39110 | D:18     | Reached skill level 1 in Air Magic
 40262 | D:20     | Entered Level 20 of the Dungeon
 40335 | D:20     | Found Gabalaeg's Magic Scroll Boutique.
 40615 | D:20     | Noticed Margery
 40653 | D:20     | Noticed Jorgrun
 40674 | D:20     | Killed Jorgrun
 40674 | D:20     | Reached skill level 5 in Fighting
 40961 | D:20     | Received a gift from Okawaru
 41020 | D:20     | Bought a scroll of acquirement for 884 gold pieces
 41046 | D:20     | Bought a scroll of blinking for 93 gold pieces
 41046 | D:20     | Bought a scroll of fear for 59 gold pieces
 41046 | D:20     | Bought a scroll of blinking for 93 gold pieces
 41354 | D:20     | Killed Margery
 41635 | D:20     | Noticed Xtahua
 41977 | Orc:4    | Bought a potion of cure mutation for 525 gold pieces
 41979 | Orc:4    | Lost mutation: Your spells are a little harder to cast, but a little more powerful. [potion of cure mutation]
 41979 | Orc:4    | Lost mutation: You heal slowly. [potion of cure mutation]
 42332 | Orc:3    | Noticed Psyche
 42334 | Orc:3    | Killed Psyche
 42335 | Orc:3    | Found a bloodstained altar of Trog.
 42428 | Orc:2    | Noticed Erolcha
 42820 | Orc:2    | Killed Erolcha
 42835 | Orc:2    | Reached XP level 18. HP: 127/140 MP: 34/34
 42941 | Orc:2    | Received a gift from Okawaru
 42944 | Orc:2    | Got an ancient executioner's axe {god gift}
 42946 | Orc:2    | Identified the +7,+1 executioner's axe of Absolution {pain, rC+} (Okawaru gifted it to you on level 2 of the Orcish Mines)
 43076 | Orc:4    | Bought a scroll of enchant armour for 82 gold pieces
 43898 | D:20     | Killed Xtahua
 44076 | D:20     | Noticed Saint Roka
 44118 | D:20     | Killed Saint Roka
 44118 | D:20     | Reached skill level 5 in Air Magic
 44162 | D:20     | Received a gift from Okawaru
 44817 | D:21     | Noticed Boris
 44944 | D:21     | Killed Boris
 45743 | D:21     | Received a gift from Okawaru
 46030 | D:21     | Found a gateway to Hell.
 46421 | D:22     | Received a gift from Okawaru
 46627 | D:22     | Found a one-way gate leading to the halls of Pandemonium.
 47115 | D:22     | Reached XP level 19. HP: 132/147 MP: 36/36
 47592 | D:23     | Found a one-way gate to the infinite horrors of the Abyss.
 47608 | D:23     | Noticed Boris
 49167 | Orc:4    | Bought a book of the Sky for 975 gold pieces
 49175 | Orc:4    | Learned a level 5 spell: Silence
 49182 | Orc:4    | Learned a level 6 spell: Deflect Missiles
 49187 | Orc:4    | Learned a level 4 spell: Airstrike
 49243 | Elf:1    | Entered Level 1 of the Elven Halls
 50221 | Elf:2    | Received a gift from Okawaru
 50347 | Elf:2    | Received a gift from Okawaru
 50525 | Elf:2    | Found a gateway to a bazaar.
 51308 | Elf:2    | Received a gift from Okawaru
 51331 | Elf:2    | Identified Sif Muna's Almanac of Damaging Flames
 51334 | Elf:2    | Identified Nikola's Compendium of Feathers and Confrontation
 51338 | Elf:2    | Learned a level 2 spell: Swiftness
 51386 | Elf:2    | Reached skill level 10 in Air Magic
 51902 | Lair:1   | Learned a level 3 spell: Mephitic Cloud
 52325 | Elf:3    | Entered Level 3 of the Elven Halls
 53466 | Elf:3    | Cast into the Abyss (deep elf sorcerer)
 53709 | Abyss:2  | Noticed a lich
 53721 | Abyss:2  | Killed a lich
 53778 | Abyss:2  | Reached skill level 5 in Hexes
 53817 | Elf:3    | Escaped the Abyss
 53918 | Elf:3    | Noticed a deep elf blademaster
 53995 | Elf:3    | Killed a deep elf blademaster
 54017 | Elf:3    | Cast into the Abyss (deep elf sorcerer)
 54103 | Elf:3    | Escaped the Abyss
 54104 | Elf:3    | Noticed a deep elf blademaster
 54110 | Elf:3    | Noticed a deep elf blademaster
 54113 | Elf:3    | Noticed a deep elf blademaster
 54663 | Elf:3    | Killed a deep elf blademaster
 55026 | Elf:3    | Killed a deep elf blademaster
 55026 | Elf:3    | Received a gift from Okawaru
 55055 | Elf:3    | Received a gift from Okawaru
 55289 | Elf:3    | Got a pitted ring mail
 55754 | Elf:3    | Killed a deep elf blademaster
 55754 | Elf:3    | Received a gift from Okawaru
 55754 | Elf:3    | Reached XP level 20. HP: 147/155 MP: 29/38
 55828 | Elf:3    | Identified the Reference Book on the Oath (You found it on level 3 of the Elven Halls)
 55832 | Elf:3    | Got a pair of polished gloves
 55844 | Elf:3    | Got a brightly glowing steel ring
 55848 | Elf:3    | Got a brightly glowing emerald amulet
 55863 | Elf:3    | Identified the Almanac of the Raven (You found it on level 3 of the Elven Halls)
 55882 | Elf:3    | Got an ichor-stained leather armour
 55894 | Elf:3    | Identified a +0 cloak of preservation (You found it on level 3 of the Elven Halls)
 55902 | Elf:3    | Got a glittering amber ring
 55954 | Elf:3    | Identified the ring of Chob {Contam EV+3} (You found it on level 3 of the Elven Halls)
 55954 | Elf:3    | Identified the amulet "Boib Too" {rMut -Tele Dam+4 SInv Stlth+} (You found it on level 3 of the Elven Halls)
 55955 | Elf:3    | Identified the ring of Suicidal Tendencies {+Inv Dex-1 Int+4} (You found it on level 3 of the Elven Halls)
 55956 | Elf:3    | Identified the +6 leather armour of Schisio {Str+3 Dex+3} (You found it on level 3 of the Elven Halls)
 55956 | Elf:3    | Identified the cursed +2 pair of gloves of the Skies Above {rElec Stlth-} (You found it on level 3 of the Elven Halls)
 55957 | Elf:3    | Identified the cursed +0 ring mail of Shuasui {rPois Int+2 Stlth--} (You took it off a deep elf high priest on level 3 of the Elven Halls)
 56011 | Elf:3    | Identified a +2 rod of the swarm (13/13) (You found it on level 3 of the Elven Halls)
 56037 | Elf:3    | Got a crude flail
 56042 | Elf:3    | Identified the flail of Experimentation {speed, SInv Stlth-} (You found it on level 3 of the Elven Halls)
 56045 | Elf:3    | Got an ichor-stained falchion
 56046 | Elf:3    | Identified the cursed falchion of the Butterfly {pain, rC+ Str-3} (You found it on level 3 of the Elven Halls)
 56054 | Elf:3    | Got an ivory scimitar
 56055 | Elf:3    | Identified the scimitar of Omuj {drain, +Blink +Fly} (You found it on level 3 of the Elven Halls)
 57140 | D:23     | Killed Boris
 57343 | D:23     | Found a portal to a secret trove of treasure.
 59340 | D:25     | Entered Level 25 of the Dungeon
 59374 | D:25     | Noticed Frances
 59387 | D:25     | Killed Frances
 59405 | D:25     | Noticed a lich
 59413 | D:25     | Killed a lich
 59506 | D:25     | Noticed Wiglaf
 59520 | D:25     | Killed Wiglaf
 59566 | D:25     | Noticed Boris
 59598 | D:25     | Killed Boris
 59873 | D:25     | Found a basalt altar of Yredelemnul.
 60147 | D:25     | Reached skill level 15 in Spellcasting
 60264 | D:25     | Noticed Mennas
 60352 | D:25     | Killed Mennas
 60352 | D:25     | Received a gift from Okawaru
 60358 | D:25     | Got a bloodstained chain mail {god gift}
 60374 | D:25     | Identified the +1 chain mail of Guibrenu {rPois SInv} (Okawaru gifted it to you on level 25 of the Dungeon)
 60626 | D:25     | Noticed Frederick
 60638 | D:25     | Killed Frederick
 61315 | D:26     | Found a glowing silver altar of Zin.
 62325 | D:26     | Reached XP level 21. HP: 161/161 MP: 39/39
 62430 | D:26     | Found a roughly hewn altar of Beogh.
 62482 | D:26     | Received a gift from Okawaru
 62485 | D:26     | Got an iridescent longbow {god gift}
 62487 | D:26     | Identified the longbow of Schegyaf {god gift, velocity, rElec MR+ Str+3} (Okawaru gifted it to you on level 26 of the Dungeon)
 63032 | D:27     | Entered Level 27 of the Dungeon
 63783 | D:27     | Gained mutation: Your muscles are strong (Str +1). [potion of beneficial mutation]
 63803 | D:27     | Found Sufez's Weapon Emporium.
 63839 | D:27     | Received a gift from Okawaru
 65012 | D:27     | Received a gift from Okawaru
 65427 | D:27     | Reached skill level 15 in Air Magic
 65890 | D:23     | Received a gift from Okawaru
 66504 | D:23     | Reached XP level 22. HP: 140/169 MP: 40/40
 66666 | D:23     | Received a gift from Okawaru
 66669 | D:23     | Got a pitted chain mail {god gift}
 66670 | D:23     | Identified the -3 chain mail of the Guilds {+Blink +Inv rPois rF+} (Okawaru gifted it to you on level 23 of the Dungeon)
 66841 | D:23     | Found a basalt altar of Yredelemnul.
 66896 | D:23     | Noticed a profane servitor
 66918 | D:23     | Killed a profane servitor
 68188 | Bazaar   | Entered a bazaar
 68188 | Bazaar   | Found Vetebab's Gadget Shoppe.
 68188 | Bazaar   | Found Pnuv's Book Boutique.
 68188 | Bazaar   | Found Ynuir's Antique Weapon Shop.
 68189 | Bazaar   | Found Ching's Armour Shoppe.
 68190 | Bazaar   | Found Mnycus' General Store.
 68232 | Bazaar   | Bought a scroll of enchant armour for 88 gold pieces
 68239 | Bazaar   | Bought a book of Wizardry for 360 gold pieces
 68247 | Bazaar   | Learned a level 6 spell: Haste
 68247 | Bazaar   | Upgraded the game from 0.13-a0-2207-g455e83b to 0.13-a0-2210-g26cee09
 68283 | Bazaar   | Bought a Necronomicon for 1324 gold pieces
 69809 | Snake:3  | Noticed Liquorice's ghost (powerful DjBe)
 69847 | Snake:3  | Killed Liquorice's ghost
 70505 | Snake:4  | Found a basalt altar of Yredelemnul.
 70828 | Snake:4  | Found a burning altar of Makhleb.
 71081 | Snake:5  | Entered Level 5 of the Snake Pit
 71311 | Snake:5  | stonewall: Вообще милишным оружием не пользуешься?
 71311 | Snake:5  | JacquesDerrida: Xe-xe
 71311 | Snake:5  | JacquesDerrida: Конечно
 71311 | Snake:5  | JacquesDerrida: Зачем
 71321 | Snake:5  | JacquesDerrida: Мне всегда уровню к 12 становится лень
 71321 | Snake:5  | JacquesDerrida: И я стреляю
 71336 | Snake:5  | stonewall: Всегда боюсь, что без оки стрел не будет хватать
 71336 | Snake:5  | JacquesDerrida: До торнады уже всего ничего
 71381 | Snake:5  | JacquesDerrida: Ну как не хватать
 71381 | Snake:5  | JacquesDerrida: 300 в стэше еще
 71381 | Snake:5  | JacquesDerrida: В волтах бог его знает сколько пачек кентавров найду
 71412 | Snake:5  | stonewall: Даже скилл не качал?
 71429 | Snake:5  | JacquesDerrida: Почему не качал, 26
 71429 | Snake:5  | JacquesDerrida: 25
 71429 | Snake:5  | stonewall: Я про мили
 71429 | Snake:5  | stonewall: А
 71429 | Snake:5  | JacquesDerrida: А...
 71429 | Snake:5  | JacquesDerrida: Ну на батл акс начал
 71429 | Snake:5  | JacquesDerrida: А потом плюнул
 71437 | Snake:5  | stonewall: Ну не знаю, у меня такой страх того, что расстреляю начальный стак стрел и останусь с голой задницей
 71437 | Snake:5  | JacquesDerrida: Можно эйрстрайком посбивать, да
 71437 | Snake:5  | JacquesDerrida: Дык, у всех страх
 71437 | Snake:5  | JacquesDerrida: Страх надо заменять рассчетом
 71437 | Snake:5  | JacquesDerrida: Хе-хе
 71531 | Snake:5  | stonewall: Да нет, не у всех
 71531 | Snake:5  | JacquesDerrida: Без трова остаюсь
 71531 | Snake:5  | stonewall: Почему?
 71531 | Snake:5  | JacquesDerrida: +5 +6 блейд не хочется делать
 71531 | Snake:5  | JacquesDerrida: Максимальные блейды находил +0+1
 71725 | Snake:5  | JacquesDerrida: Впервые за миллиард лет первой руной беру не из волтов
 71725 | Snake:5  | JacquesDerrida: А разгакда одна -- торнадо пока нет
 71738 | Snake:5  | stonewall: Создать что ли хунтера, побороться с комплексами
 71741 | Snake:5  | stonewall: Не качать мили вообще
 71741 | Snake:5  | JacquesDerrida: Ну эти комплексы не безосновательны
 71741 | Snake:5  | JacquesDerrida: Я до этого много раз оставался с 10 стрелами в кармане
 71741 | Snake:5  | JacquesDerrida: Все стрелы после рейда эльфов
 71741 | Snake:5  | stonewall: Черт, ты ужасный психоаналитик
 71741 | Snake:5  | JacquesDerrida: Как минимум до эльфов надо терпеть
 71741 | Snake:5  | JacquesDerrida: Нормально, я фрейдист марксистского толка)))
 71741 | Snake:5  | stonewall: А арбалетчику еще хуже, да?
 71741 | Snake:5  | JacquesDerrida: Не
 71741 | Snake:5  | JacquesDerrida: Кучки по 80 болтов
 71741 | Snake:5  | JacquesDerrida: По 40
 71741 | Snake:5  | stonewall: Начинаются с D:20+
 71741 | Snake:5  | JacquesDerrida: Хотя, да, хуже
 71741 | Snake:5  | stonewall: Или нет?
 71741 | Snake:5  | JacquesDerrida: Яктавров нет
 71741 | Snake:5  | JacquesDerrida: Только рандомные болты на полу
 71741 | Snake:5  | JacquesDerrida: Лучнику и то надо вместо леира идти в данжон
 71741 | Snake:5  | JacquesDerrida: На кентавров охотиться
 71741 | Snake:5  | JacquesDerrida: Арбалетчику придется на яктавров
 71741 | Snake:5  | JacquesDerrida: Хе-хе
 71819 | Snake:5  | JacquesDerrida: Главное оку взять
 71819 | Snake:5  | JacquesDerrida: Пару-тройку сотен элементальных стрел получишь
 71828 | Snake:5  | stonewall: О, саламандры
 71830 | Snake:5  | stonewall: Веселый эндинг
 71830 | Snake:5  | JacquesDerrida: Вау
 71830 | Snake:5  | JacquesDerrida: Я думал это змея
 71830 | Snake:5  | JacquesDerrida: Не видно же
 71830 | Snake:5  | stonewall: Она опасненькая
 71830 | Snake:5  | JacquesDerrida: Видел волт йредлемнула с симулякрами фениксов
 71830 | Snake:5  | JacquesDerrida: И зомби тех веселых лошадок
 71830 | Snake:5  | JacquesDerrida: лаписов
 71830 | Snake:5  | stonewall: Это с холипана?
 71843 | Snake:5  | JacquesDerrida: Aga
 71843 | Snake:5  | JacquesDerrida: Вообще тут данжоны страшные теперь!
 71843 | Snake:5  | JacquesDerrida: Глубоко если
 71843 | Snake:5  | JacquesDerrida: Коридоров нет, вокруг гиганты и маргаритки
 71843 | Snake:5  | JacquesDerrida: Ужас!
 71870 | Snake:5  | stonewall: И летающие пальцы
 71898 | Snake:5  | JacquesDerrida: Да, страшные
 71899 | Snake:5  | stonewall: Интересно, какой длины на них ногти
 71899 | Snake:5  | JacquesDerrida: Как у плебса -- короче некуда...
 71929 | Snake:5  | JacquesDerrida: Ой, так у меня и хейст есть...
 72103 | Snake:5  | JacquesDerrida: Хороший баланс, кстати
 72103 | Snake:5  | JacquesDerrida: Для лучников
 72103 | Snake:5  | JacquesDerrida: Берешь эльфа -- лишаешься скорости и грызешь ногти до свифтнесса
 72103 | Snake:5  | JacquesDerrida: Зато торнадишь к хл 16
 72103 | Snake:5  | JacquesDerrida: А кентавриком абисс, например, совсем не трудный
 72103 | Snake:5  | JacquesDerrida: Эльфы тоже
 72103 | Snake:5  | JacquesDerrida: Можно набегать и убегать
 72103 | Snake:5  | JacquesDerrida: Сайленсить просто, опять же
 72103 | Snake:5  | JacquesDerrida: Но зато -3 спеллкастинг
 72103 | Snake:5  | JacquesDerrida: И на хл22 торнадо под 89% фейла
 72103 | Snake:5  | JacquesDerrida: 85
 72103 | Snake:5  | JacquesDerrida: (((
 72123 | Snake:5  | stonewall: Ненавижу торнадо
 72222 | Snake:5  | JacquesDerrida: Чово так
 72222 | Snake:5  | JacquesDerrida: Крутится же красиво!
 72246 | Snake:5  | stonewall: Мумией-скальдом все мыслимые бранчи оббегал и ни одной книжки
 72328 | Snake:5  | stonewall: Даже в зиккурат не сходил
 72328 | Snake:5  | stonewall: Обидно
 72328 | Snake:5  | JacquesDerrida: Мне эти попадались одну игру подряд хорошо
 72328 | Snake:5  | JacquesDerrida: 5 штук
 72328 | Snake:5  | JacquesDerrida: Одну игру назад
 72328 | Snake:5  | JacquesDerrida: Ну и подряд, да
 72328 | Snake:5  | JacquesDerrida: Две
 72391 | Snake:5  | JacquesDerrida: (((
 72456 | Snake:5  | stonewall: Люблю греатер наг, у них брони почти нету
 72485 | Snake:5  | stonewall: А вот спеллы - бида
 72485 | Snake:5  | JacquesDerrida: На стазис переключаться не хочется
 72485 | Snake:5  | JacquesDerrida: Гурман пока кикнется...
 72485 | Snake:5  | JacquesDerrida: Зато бориса убивал 3 раза
 72485 | Snake:5  | JacquesDerrida: Каждый раз появлялся в данжоне на этаже ниже
 72485 | Snake:5  | JacquesDerrida: Или на два
 72601 | Snake:5  | Received a gift from Okawaru
 72605 | Snake:5  | JacquesDerrida: Ока не дарил вообще ничего
 72605 | Snake:5  | JacquesDerrida: Пару плохих луков
 72605 | Snake:5  | JacquesDerrida: Шапку интеллекта и несколько чейн мейлов
 72605 | Snake:5  | JacquesDerrida: Страннл
 72619 | Snake:5  | stonewall: А на круп железку?
 72621 | Snake:5  | stonewall: Мне обычно сразу дарит
 72621 | Snake:5  | JacquesDerrida: Один раз, причем скопировал аквайрмент
 72621 | Snake:5  | JacquesDerrida: +2 стелса
 72621 | Snake:5  | JacquesDerrida: У меня теперь их пара
 72621 | Snake:5  | JacquesDerrida: Все +2 и на стелс
 72621 | Snake:5  | JacquesDerrida: Зачем этот бренд -- черт его знает
 72621 | Snake:5  | JacquesDerrida: У лошади ведь штрафы и аптитуда _4
 72621 | Snake:5  | JacquesDerrida: -3
 72654 | Snake:5  | JacquesDerrida: shiiiite
 72664 | Snake:5  | JacquesDerrida: Вау
 72664 | Snake:5  | JacquesDerrida: Стазис блокирует финес
 72691 | Snake:5  | stonewall: У пойсон арроу новый прикид?
 72698 | Snake:5  | stonewall: Или что это там зелененькое
 72706 | Snake:5  | stonewall: Напоминает выстрел соник-танка из дюны
 72706 | Snake:5  | JacquesDerrida: Ага, новый
 72706 | Snake:5  | JacquesDerrida: Чет я и не видел, что у меня слеинг амулет
 72706 | Snake:5  | JacquesDerrida: Еще и без телепортов
 72712 | Snake:5  | stonewall: Контам
 72713 | Snake:5  | JacquesDerrida: Ne
 72713 | Snake:5  | JacquesDerrida: Это я доигрался со стазисом и хейстом
 72778 | Snake:5  | Received a gift from Okawaru
 72793 | Snake:5  | Got a steaming longbow {god gift}
 72794 | Snake:5  | Identified the longbow of Duty {god gift, frost, Dex+3 SInv Stlth++} (Okawaru gifted it to you on level 5 of the Snake Pit)
 72795 | Snake:5  | JacquesDerrida: Вау
 72795 | Snake:5  | JacquesDerrida: А ведь давал раз хороший лук
 72795 | Snake:5  | JacquesDerrida: Но там энчанты неправильные были
 72795 | Snake:5  | JacquesDerrida: Если бы поменять местами -- было бы прекрасно
 72795 | Snake:5  | stonewall: Что не так с этим луком
 72795 | Snake:5  | JacquesDerrida: велосити с резистами +8 +2
 72797 | Snake:5  | stonewall: Тетива спущена небось
 72797 | Snake:5  | JacquesDerrida: ов дьюти
 72797 | Snake:5  | JacquesDerrida: дьюти так дьюти
 72797 | Snake:5  | JacquesDerrida: Придется терпеть
 72824 | Snake:5  | JacquesDerrida: Стрел 50 на питы потратил
 72824 | Snake:5  | JacquesDerrida: И немного еще нащед
 72824 | Snake:5  | JacquesDerrida: Почти без потерь!
 72841 | Snake:5  | stonewall: Сейчас озерцо и змеи-змеи-змеи-змеи-целый террариум, прямо как в госучреждении
 72842 | Snake:5  | JacquesDerrida: (((
 72883 | Snake:5  | stonewall: Пей брильянс и торнадь комнату с руной
 72885 | Snake:5  | stonewall: Вот веселье-то будет
 72885 | Snake:5  | JacquesDerrida: Даже не выучил еще(((
 72885 | Snake:5  | JacquesDerrida: Так бы да
 72885 | Snake:5  | JacquesDerrida: Я бы флайт сделал, невидимость
 72885 | Snake:5  | JacquesDerrida: И торнадо
 72889 | Snake:5  | stonewall: Теперь учится со 100% шансом
 72900 | Snake:5  | JacquesDerrida: Можно уже спеллкастинг отклюить, наверное
 72900 | Snake:5  | JacquesDerrida: До поры, по крайней мере
 72900 | Snake:5  | stonewall: Надеюсь ты возьмешь джуйву
 72900 | Snake:5  | JacquesDerrida: ЗОМА
 72900 | Snake:5  | JacquesDerrida: И палку хаоса отберу у гноля
 72906 | Snake:5  | stonewall: Енджой ёр оживший лук
 72922 | Snake:5  | JacquesDerrida: Они дурачки, что ли.
 72955 | Snake:5  | JacquesDerrida: Надо с помпой брать первую руну
 73246 | Snake:2  | Bought a potion of brilliance for 37 gold pieces
 73437 | Lair:1   | Learned a level 9 spell: Tornado
 73437 | Lair:1   | JacquesDerrida: Веселая штукенция
 73437 | Lair:1   | JacquesDerrida: Даже веселее, чем диск штормов с 27 эвоков вплотную к стенам на 21 этаже зиккурата
 73437 | Lair:1   | JacquesDerrida: А веселее этого со мной ничего не случалось
 73437 | Lair:1   | stonewall: Точно этаж запомнил?
 73437 | Lair:1   | JacquesDerrida: Не
 73437 | Lair:1   | JacquesDerrida: Да и эвоков было не 27!
 73444 | Lair:1   | Learned a level 6 spell: Mass Confusion
 73451 | Lair:1   | Learned a level 6 spell: Invisibility
 73466 | Lair:1   | JacquesDerrida: Красивый предмет
 73466 | Lair:1   | JacquesDerrida: Единственный в музее поля чудес
 73466 | Lair:1   | JacquesDerrida: Хотя нет
 73523 | Lair:1   | stonewall: В общем этаж был 18-й
 73730 | Snake:4  | JacquesDerrida: Феноменально!
 73730 | Snake:4  | JacquesDerrida: Но у меня только кадр остался
 73730 | Snake:4  | JacquesDerrida: Вот
 73730 | Snake:4  | stonewall: А я на фууууутв посмотрел
 73730 | Snake:4  | JacquesDerrida: Хорошо сделали аларм трап
 73730 | Snake:4  | JacquesDerrida: Но флейвор текст переписать надо
 73743 | Snake:5  | JacquesDerrida: ГДЕ
 73800 | Snake:5  | stonewall: кто
 73800 | Snake:5  | JacquesDerrida: тв
 73805 | Snake:5  | stonewall: http://termcast.develz.org/
 73812 | Snake:5  | stonewall: Смотри, сейчас тебя включу
 73819 | Snake:5  | stonewall: Опа
 73819 | Snake:5  | JacquesDerrida: Neploho!
 73819 | Snake:5  | JacquesDerrida: 53 ac
 73819 | Snake:5  | stonewall: 110 хп
 73819 | Snake:5  | JacquesDerrida: Давно это было
 73853 | Snake:5  | stonewall: Это такой классный момент, что мне хочется жениться на нем
 73867 | Snake:5  | JacquesDerrida: жаль нельзя показать, как я решил на остров хелионов телепортнутьс
 73867 | Snake:5  | JacquesDerrida: И как мастерски сжигал всех за коран
 73867 | Snake:5  | JacquesDerrida: Аллаховым огнем
 73867 | Snake:5  | stonewall: А ты онлайн играл?
 73867 | Snake:5  | JacquesDerrida: Конечно
 73872 | Snake:5  | stonewall: Может и можно
 73908 | Snake:5  | stonewall: А что за персонаж был?
 73908 | Snake:5  | JacquesDerrida: Вспомнить бы
 73908 | Snake:5  | JacquesDerrida: Мерфолк какой-то
 73908 | Snake:5  | JacquesDerrida: С увесистым святым бердышом +9
 73916 | Snake:5  | JacquesDerrida: 24 %
 73916 | Snake:5  | JacquesDerrida: Красные при этом!
 73919 | Snake:5  | stonewall: А он выиграл?
 73921 | Snake:5  | JacquesDerrida: Его разорвало хода за 4
 73921 | Snake:5  | JacquesDerrida: За 3 скорее
 73935 | Snake:5  | JacquesDerrida: Xe-xe
 73937 | Snake:5  | JacquesDerrida: Ого!
 73937 | Snake:5  | stonewall: КЛасс
 73938 | Snake:5  | JacquesDerrida: Офигенно
 73940 | Snake:5  | stonewall: А я нашел того мерфолка
 73944 | Snake:5  | JacquesDerrida: )))
 73948 | Snake:5  | Reached XP level 23. HP: 94/176 MP: 5/42
 73949 | Snake:5  | stonewall: Включаю
 73954 | Snake:5  | JacquesDerrida: Они в лаве утонут же
 73954 | Snake:5  | JacquesDerrida: )))
 73988 | Snake:5  | stonewall: >блинкнуть на остров хеллионов
 73993 | Snake:5  | JacquesDerrida: Дык, не повезло!
 73999 | Snake:5  | Got a serpentine rune of Zot
 74005 | Snake:5  | Received a gift from Okawaru
 74012 | Snake:5  | JacquesDerrida: get fucked, oka!
 74013 | Snake:5  | JacquesDerrida: Xe-xe
 74013 | Snake:5  | stonewall: Ну это как прыгнуть под поезд с бомбой на поясе.
 74013 | Snake:5  | JacquesDerrida: Надеюсь сабля была +9+9 скорости
 74195 | Snake:3  | stonewall: Мог бы и идентифицировать
 74264 | Lair:5   | JacquesDerrida: Так более оскорбительно для оки
 74264 | Lair:5   | JacquesDerrida: Все ради уязвления старпера!
 74264 | Lair:5   | stonewall: Не люблю тайны
 74343 | Lair:1   | JacquesDerrida: А зря!
 74418 | Lair:1   | JacquesDerrida: не хочу шолсы(((
 74418 | Lair:1   | JacquesDerrida: Стрелы намокнут
 74468 | D:9      | stonewall: >
 69598 | Lair:1   | Tolias: master archer comes into view = oh shit moment
 74474 | D:9      | stonewall: Это когда я два лука анрандартных нашел
 74732 | D:18     | stonewall: Один с молнией, другой +27 +0 или типа того
 74832 | Vaults:1 | JacquesDerrida: Как это так получилось
 75011 | Vaults:1 | Killed Azrael
 75082 | Vaults:1 | JacquesDerrida: Вот
 75082 | Vaults:1 | JacquesDerrida: Волты тоже снабжают стрелами дай боже как!
 75143 | Vaults:1 | JacquesDerrida: Пора к тсо уже, пора
 75143 | Vaults:1 | JacquesDerrida: После этой руны
 75421 | Vaults:2 | Gained mutation: You are resistant to hostile enchantments. [potion of beneficial mutation]
 75422 | Vaults:2 | JacquesDerrida: Найс
 75422 | Vaults:2 | JacquesDerrida: Но лучше бы до эльфов выпало
 75422 | Vaults:2 | JacquesDerrida: Освободило бы от двух трипов в абисс
 75426 | Vaults:2 | JacquesDerrida: Стрел дофига
 75426 | Vaults:2 | JacquesDerrida: Прямо сейчас 600
 75731 | Vaults:2 | Paralysed by a sphinx for 5 turns
 75733 | Vaults:2 | Mangled by a stone giant

Action                   |  1- 3 |  4- 6 |  7- 9 | 10-12 | 13-15 | 16-18 | 19-21 | 22-24 || total
-------------------------+-------+-------+-------+-------+-------+-------+-------+-------++-------
Melee: Short sword       |    90 |   131 |   145 |    80 |       |       |       |       ||   446
       Battleaxe         |       |       |       |    92 |    43 |       |       |       ||   135
       Longbow           |       |       |       |       |     5 |     1 |       |       ||     6
       Unarmed           |       |       |       |       |     2 |       |       |       ||     2
 Fire: Bow               |    18 |    89 |   297 |   478 |       |       |       |       ||   882
       Longbow           |       |       |       |   308 |  1782 |  1632 |  1802 |   876 ||  6400
Throw: Javelin           |       |       |     6 |       |       |       |       |       ||     6
 Cast: Deflect Missiles  |       |       |       |       |       |       |    56 |    15 ||    71
       Swiftness         |       |       |       |       |       |       |    24 |       ||    24
       Silence           |       |       |       |       |       |       |    18 |       ||    18
       Airstrike         |       |       |       |       |       |       |    13 |    27 ||    40
       Flight            |       |       |       |       |       |       |     3 |     2 ||     5
       Mephitic Cloud    |       |       |       |       |       |       |     2 |     1 ||     3
       Haste             |       |       |       |       |       |       |       |     4 ||     4
       Tornado           |       |       |       |       |       |       |       |     3 ||     3
Invok: Heroism           |       |       |       |     2 |     2 |     7 |     6 |     1 ||    18
Evoke: Wand              |       |       |       |    13 |    10 |     1 |     6 |     4 ||    34
       Rod               |       |       |       |       |     6 |     2 |       |       ||     8
       Miscellaneous     |       |       |       |       |     1 |       |       |       ||     1
  Use: Potion            |       |       |     3 |    13 |    13 |     7 |    10 |     5 ||    51
       Scroll            |       |       |    16 |     8 |    20 |    13 |    27 |     8 ||    92
